 Dungeon Crawl Stone Soup version 0.24-a0-769-g368c1644f8 (webtiles) character file.

Game seed: 2315382527713127454, levelgen mode: deterministic

12 Erlindor the Vexing (level 2, -2/20 HPs)
             Began as a Hill Orc Enchanter on Oct 6, 2019.
             Slain by a leopard gecko (5 damage)
             ... on level 1 of the Dungeon.
             The game lasted 00:01:34 (248 turns).

Erlindor the Vexing (Hill Orc Enchanter)             Turns: 248, Time: 00:01:35

Health: -2/20      AC:  2    Str: 10    XL:     2   Next: 33%
Magic:  0/4        EV: 12    Int: 15    God:
Gold:   12         SH:  0    Dex: 11    Spells: 1/4 levels left

rFire    . . .     SeeInvis .   a - +1 dagger
rCold    . . .     Gourm    .   (no shield)
rNeg     . . .     Faith    .   b - +0 robe
rPois    .         Spirit   .   (no helmet)
rElec    .         Reflect  .   (no cloak)
rCorr    .         Harm     .   (no gloves)
MR       .....                  (no boots)
Stlth    ++........             (no amulet)
HPRegen  0.06/turn              (no ring)
MPRegen  0.09/turn              (no ring)

@: no status effects
A: no striking features
a: no special abilities


You were on level 1 of the Dungeon.
You were not hungry.

You visited 1 branch of the dungeon, and saw 1 of its levels.

You collected 12 gold pieces.

Inventory:

Hand Weapons
 a - a +1 dagger (weapon)
Armour
 b - a +0 robe (worn)
Potions
 c - a potion of lignification {unknown}
Comestibles
 d - a ration


   Skills:
 + Level 1.3 Short Blades
 - Level 1.5 Dodging
 + Level 2.6 Stealth
 + Level 1.7 Spellcasting
 + Level 3.1 Hexes


You had one spell level left.
You knew the following spells:

 Your Spells              Type           Power        Failure   Level  Hunger
a - Corona                Hex            ##.....      6%          1    ##.....
b - Ensorcelled Hibernat  Hex/Ice        #.....       19%         2    ###....

Your spell library contained the following spells:

 Spells                   Type           Power        Failure   Level  Hunger
 Confuse                  Hex            ##......     19%         3    ####...
 Tukima's Dance           Hex            ##......     19%         3    ####...
 Dazzling Spray           Conj/Hex       #.....       34%         3    ####...


Dungeon Overview and Level Annotations

Branches:
Dungeon (1/15)

Altars:


Message History

* * * LOW HITPOINT WARNING * * *
You hit the leopard gecko.
The leopard gecko is severely wounded.
The leopard gecko misses you. The leopard gecko bites you.
* * * LOW HITPOINT WARNING * * *
You see here a frilled lizard corpse.
The leopard gecko stops glowing.
Casting: Corona (safe; 6% risk of failure)
Confirm with . or Enter, or press ? or * to list all spells.
Aiming: Ensorcelled Hibernation (safe; 19% risk of failure)
Press: ? - help, Shift-Dir - straight line, f - hobgoblin
Aim: a hobgoblin, wielding a +0 club (chance to defeat MR: 55%)
The hobgoblin looks drowsy...
The helpless hobgoblin fails to defend itself.
You puncture the hobgoblin!
You kill the hobgoblin!
The leopard gecko bites you but does no damage.
The leopard gecko bites you.
You die...

#...## #........#
.######g.# #........#
.....##..# #........#
#.......### #........#
...........####........#
#####..................#
######..###........# ##.#
##.l.....# ### #@##.####
#..#.# ##.#g## #.....#
#.....# #.....# #.....#
#.....############
#....)...#ā‰ˆā‰ˆā‰ˆ.Pā‰ˆP#


You could see a leopard gecko.

Vanquished Creatures
  A dart slug (D:1)
  2 giant cockroaches (D:1)
  4 hobgoblins (D:1)
  A bat (D:1)
  A frilled lizard (D:1)
9 creatures vanquished.

Notes
Turn   | Place    | Note
-------+----------+-------------------------------------------
     0 | D:1      | Erlindor the Hill Orc Enchanter began the quest for the
                  | Orb.
     0 | D:1      | Reached XP level 1. HP: 14/14 MP: 3/3
   168 | D:1      | Reached XP level 2. HP: 20/20 MP: 4/4
   175 | D:1      | Learned a level 2 spell: Ensorcelled Hibernation
   248 | D:1      | Slain by a leopard gecko

Levels and vault maps discovered:
D:1:      lightli_arrival_flooded_house, layout_rooms

Action                   || total
-------------------------++-------
Melee: Dagger            ||    40
 Cast: Corona            ||     5
       Ensorcelled Hiber ||     4
 Stab: Sleeping          ||     4
Armor: Robe              ||    10
Dodge: Dodged            ||    31

Table legend:
 A = Non-vault XP
 B = Vault XP
 C = Vault XP percentage of total XP
 D = Non-vault monster count
 E = Vault monster count
 F = Vault count percentage of total count
                 A         B        C        D         E       F
            +---------+---------+-------+---------+---------+-------
      Total |      18 |       0 |   0.0 |       9 |       0 |   0.0
            +---------+---------+-------+---------+---------+-------
        D:1 |      18 |       0 |   0.0 |       9 |       0 |   0.0
            +---------+---------+-------+---------+---------+-------
